[Event "December 12 Late 2023"]
[Site "https://www.chess.com"]
[Date "2023.12.12"]
[Round "11"]
[White "Zeneli, Klendi"]
[Black "Korchynskyi, Mykola"]
[Result "1-0"]
[Board "52"]
[TimeControl "180+1"]
[WhiteFideId "4706609"]
[BlackFideId "34138005"]
[WhiteElo "2419"]
[BlackElo "2539"]
[WhiteTeam "ALB"]
[BlackTeam "UKR"]
[WhiteClock "0:00:58"]
[BlackClock "0:00:43"]

1. e4 e6 2. d4 d5 3. Nd2 c5 4. Ngf3 cxd4 5. Nxd4 Bc5 6. N2b3 Bb6 7. exd5 exd5 8. Bd3 Nf6 9. O-O O-O 10. Bg5 h6 11. Bh4 Nc6 12. c3 Nxd4 13. Nxd4 Bxd4 14. cxd4 Re8 15. Qf3 Qd6 16. Bxf6 Qxf6 17. Qxd5 Rd8 18. Qe4 g6 19. d5 Qxb2 20. Qe3 Kg7 21. Bxg6 Kxg6 22. Qe7 Qf6 23. Qc7 Bf5 24. Qxb7 Kh7 25. Rfe1 Bg6 26. Rad1 Qb6 27. Qe7 Rd6 28. h4 h5 29. Re5 Qd8 30. Qb7 Rd7 31. Qc6 Rc8 32. Qa6 Rc5 33. Rde1 Qxh4 34. g3 Qh3 35. Re8 Rdxd5 36. Qf6 Rc8 37. Qh8# 1-0

[Event "December 12 Late 2023"]
[Site "https://www.chess.com"]
[Date "2023.12.12"]
[Round "11"]
[White "Ferreira, Vitor Hugo Vieira"]
[Black "Marchesich, Giovanni"]
[Result "0-1"]
[Board "53"]
[TimeControl "180+1"]
[WhiteFideId "2119765"]
[BlackFideId "2824790"]
[WhiteElo "2535"]
[BlackElo "2411"]
[WhiteTeam "BRA"]
[BlackTeam "ITA"]
[WhiteClock "0:01:35"]
[BlackClock "0:00:58"]

1. c4 b6 2. e4 Bb7 3. Nc3 e5 4. Nf3 Nc6 5. d4 exd4 6. Nxd4 Qf6 7. Be3 Bc5 8. Nd5 Qd8 9. Nxc6 dxc6 10. Bxc5 cxd5 11. Ba3 dxe4 12. Qg4 Nf6 13. Qxg7 Rg8 14. Qh6 Qd4 15. Rd1 Qe5 16. g3 e3 17. f4 Qa5+ 18. b4 Qxa3 19. Qxf6 Qxb4+ 20. Ke2 Bxh1 21. Bh3 Qxc4+ 22. Rd3 Be4 23. Qe5+ Kf8 24. Kxe3 Qxd3+ 25. Kf2 Qf3+ 26. Ke1 Qe3+ 27. Kd1 Bf3+ 28. Kc2 Qxe5 0-1

[Event "December 12 Late 2023"]
[Site "https://www.chess.com"]
[Date "2023.12.12"]
[Round "11"]
[White "Rama, Tejas"]
[Black "Rangel, Daniel"]
[Result "1-0"]
[Board "54"]
[TimeControl "180+1"]
[WhiteFideId "30907381"]
[BlackFideId "2124475"]
[WhiteElo "2529"]
[BlackElo "2494"]
[WhiteTeam "USA"]
[BlackTeam "BRA"]
[WhiteClock "0:01:05"]
[BlackClock "0:00:09"]

1. d4 Nf6 2. c4 e6 3. Nf3 d5 4. Nc3 Be7 5. Bf4 O-O 6. e3 a6 7. c5 Ne4 8. Nxe4 dxe4 9. Nd2 f5 10. Bc4 Kh8 11. h4 Nc6 12. Qb3 Na5 13. Qc3 Nxc4 14. Nxc4 Bd7 15. h5 Bb5 16. Ne5 Qd5 17. Qc2 a5 18. Ng6+ hxg6 19. hxg6+ Kg8 20. Rh8+ Kxh8 21. Qd1 Kg8 22. Qh5 1-0

[Event "December 12 Late 2023"]
[Site "https://www.chess.com"]
[Date "2023.12.12"]
[Round "11"]
[White "Rees, Ioan"]
[Black "Storn, Justin"]
[Result "0-1"]
[Board "55"]
[TimeControl "180+1"]
[WhiteFideId "1801236"]
[BlackFideId "30922720"]
[WhiteElo "2525"]
[BlackElo "2381"]
[WhiteTeam "WLS"]
[BlackTeam "USA"]
[WhiteClock "0:01:38"]
[BlackClock "0:01:42"]

1. e4 Nc6 2. Nf3 d5 3. exd5 Qxd5 4. Nc3 Qh5 5. Be2 Bg4 6. d4 O-O-O 7. Be3 Nf6 8. h3 e5 9. O-O exd4 10. hxg4 Nxg4 11. Bf4 dxc3 12. Qc1 cxb2 13. Qxb2 Bd6 14. Bg3 Bxg3 15. fxg3 Nd4 16. Rfb1 0-1

[Event "December 12 Late 2023"]
[Site "https://www.chess.com"]
[Date "2023.12.12"]
[Round "11"]
[White "Gerbelli Neto, Eduardo"]
[Black "Shapiro, Viktor"]
[Result "0-1"]
[Board "56"]
[TimeControl "180+1"]
[WhiteFideId "2103281"]
[BlackFideId "4175700"]
[WhiteElo "2365"]
[BlackElo "2518"]
[WhiteTeam "BRA"]
[BlackTeam "RUS"]
[WhiteClock "0:00:00"]
[BlackClock "0:00:02"]

1. e4 Nf6 2. Nc3 d5 3. e5 Nfd7 4. e6 fxe6 5. d4 g6 6. Nf3 Bg7 7. h4 Nf8 8. h5 c5 9. Be3 Nc6 10. Bb5 cxd4 11. Bxd4 Bxd4 12. Qxd4 Rg8 13. Ne5 Qd6 14. Bxc6+ bxc6 15. Qf4 Rg7 16. h6 g5 17. hxg7 gxf4 18. Rh5 Ba6 19. g8=Q O-O-O 20. Nf7 Qb4 21. O-O-O Re8 22. Ne5 Kc7 23. Qf7 Rb8 24. Nd3 Bxd3 25. Rxd3 Qxb2+ 26. Kd2 Nd7 27. Qxe6 Qb4 28. Ke2 Nf6 29. Re5 Re8 30. a3 Qc5 31. Kf1 Qc4 32. Kg1 h5 33. Ne2 Qxc2 34. Nxf4 Qc1+ 35. Kh2 Qxf4+ 36. Kg1 Qc1+ 37. Kh2 Ng4+ 38. Kg3 Qc5 39. Re2 Rg8 40. Kh3 Nxf2+ 41. Rxf2 Qxf2 42. Qxe7+ Kb6 43. Qe3+ Qxe3+ 44. Rxe3 Rg4 45. Rb3+ Kc5 46. Rc3+ Kd6 47. Rf3 Ra4 48. g3 Kc5 49. Rf6 a5 50. Rf3 Rc4 51. Rb3 a4 0-1

[Event "December 12 Late 2023"]
[Site "https://www.chess.com"]
[Date "2023.12.12"]
[Round "11"]
[White "Rogov, Matfey"]
[Black "Flash_BJ"]
[Result "1-0"]
[Board "57"]
[TimeControl "180+1"]
[WhiteFideId "44191308"]
[WhiteElo "2506"]
[BlackElo "2248"]
[WhiteTeam "RUS"]
[WhiteClock "0:00:09"]
[BlackClock "0:00:00"]

1. e4 c5 2. Nf3 e6 3. d4 cxd4 4. Nxd4 a6 5. Bd3 Qc7 6. Nc3 Nc6 7. Nxc6 dxc6 8. O-O e5 9. f4 Nf6 10. fxe5 Ng4 11. Kh1 Qxe5 12. Bf4 Qh5 13. Qf3 Be6 14. Rae1 Bb4 15. h3 Nf6 16. Qg3 Qg6 17. Qf2 Qh5 18. Be2 Qg6 19. Qh4 O-O-O 20. Na4 Ba5 21. Qf2 Nd7 22. Qa7 Bc7 23. Bxa6 Nb8 24. Qxb7+ Kd7 25. Qxc7+ Ke8 26. Bb7 Nd7 27. Bxc6 Kf8 28. Qd6+ Kg8 29. Qe7 Rf8 30. Qg5 Qxg5 31. Bxg5 h6 32. Bxd7 Bxd7 33. Nc5 Be6 34. Nxe6 fxe6 35. Rxf8+ Kxf8 36. Bd2 Ke8 37. Bc3 g5 38. a3 Rg8 39. Rd1 Rg6 40. Rd6 e5 41. Rxg6 1-0

[Event "December 12 Late 2023"]
[Site "https://www.chess.com"]
[Date "2023.12.12"]
[Round "11"]
[White "Rian, Kapriaga"]
[Black "Nadera, Barlo A."]
[Result "0-1"]
[Board "58"]
[TimeControl "180+1"]
[WhiteFideId "7103263"]
[BlackFideId "5200598"]
[WhiteElo "2392"]
[BlackElo "2236"]
[WhiteTeam "INA"]
[BlackTeam "PHI"]
[WhiteClock "0:00:01"]
[BlackClock "0:00:20"]

1. d4 d5 2. Nf3 c6 3. Bf4 Qb6 4. Qc1 Bf5 5. e3 h6 6. c4 e6 7. Nc3 a5 8. c5 Qa7 9. h3 Nd7 10. Be2 Ngf6 11. O-O Be7 12. Na4 O-O 13. a3 Rfc8 14. b4 b6 15. cxb6 Nxb6 16. Nc5 Nbd7 17. Ne5 Nxe5 18. Bxe5 Nd7 19. Bg3 Bf6 20. Qc3 Bd8 21. Rfc1 Be7 22. Bf1 Bg6 23. Be2 Bf5 24. Bf1 Bg6 25. f3 Bf5 26. e4 Bxc5 27. dxc5 dxe4 28. fxe4 Bxe4 29. Re1 Bd5 30. Bd6 Re8 31. b5 cxb5 32. Bxb5 Red8 33. a4 Rac8 34. Rac1 Nf6 35. Be5 Ne4 36. Qd4 f6 37. Bh2 Nxc5 38. Kh1 Bxg2+ 39. Kxg2 Rxd4 40. Bg1 Qb7+ 41. Kh2 Rd2+ 42. Kg3 Ne4+ 43. Kh4 Rxc1 44. Rxc1 Qf7 45. Be3 g5+ 46. Kg4 f5+ 47. Kf3 Qh5# 0-1

[Event "December 12 Late 2023"]
[Site "https://www.chess.com"]
[Date "2023.12.12"]
[Round "11"]
[White "Novikova, Galina"]
[Black "Todev, Simeon"]
[Result "1-0"]
[Board "60"]
[TimeControl "180+1"]
[WhiteFideId "4157095"]
[BlackFideId "2925133"]
[WhiteElo "2484"]
[BlackElo "2361"]
[WhiteTeam "RUS"]
[BlackTeam "BUL"]
[WhiteClock "0:00:58"]
[BlackClock "0:00:37"]

1. e4 c5 2. Nf3 Nc6 3. d4 cxd4 4. Nxd4 e5 5. Nb3 Nf6 6. Bg5 h6 7. Bxf6 Qxf6 8. Be2 d6 9. Nc3 Be6 10. O-O Be7 11. Nb5 O-O 12. Nc7 Rac8 13. Nd5 Bxd5 14. exd5 Nd8 15. c4 Qg6 16. Nd2 f5 17. Rc1 Nf7 18. Bh5 Qf6 19. Bxf7+ Rxf7 20. b4 Qg6 21. Nf3 f4 22. Re1 Bf6 23. Qc2 Qxc2 24. Rxc2 Rfc7 25. Rec1 Be7 26. Nd2 b5 27. Kf1 Kf7 28. Ke2 bxc4 29. Rxc4 Rxc4 30. Rxc4 Rxc4 31. Nxc4 Kf6 32. f3 Kf5 33. Kd3 g5 34. a4 g4 35. a5 h5 36. b5 Bd8 37. b6 axb6 38. a6 b5 39. a7 bxc4+ 40. Kxc4 e4 41. a8=Q gxf3 42. gxf3 exf3 43. Qxd8 f2 44. Qd7+ Ke4 45. Qh3 f3 46. Qf1 h4 47. Qxf2 1-0

[Event "December 12 Late 2023"]
[Site "https://www.chess.com"]
[Date "2023.12.12"]
[Round "11"]
[White "Nilsson, Joakim"]
[Black "Marcziter, Dmitrii"]
[Result "1-0"]
[Board "61"]
[TimeControl "180+1"]
[WhiteFideId "1723383"]
[BlackFideId "13900765"]
[WhiteElo "2429"]
[BlackElo "2341"]
[WhiteTeam "SWE"]
[BlackTeam "GER"]
[WhiteClock "0:00:33"]
[BlackClock "0:00:12"]

1. d4 Nf6 2. Nf3 g6 3. Bg5 Ne4 4. Bf4 Bg7 5. Nbd2 d5 6. e3 Bf5 7. c4 O-O 8. Be2 c5 9. cxd5 cxd4 10. Nxd4 Qxd5 11. Nxf5 gxf5 12. Nxe4 Qxe4 13. O-O Nc6 14. Qb3 e5 15. Bg3 f4 16. Bf3 Qf5 17. exf4 e4 18. Qxb7 Rfc8 19. Be2 Rab8 20. Qa6 Bxb2 21. Rab1 Rb6 22. Qa4 Nd4 23. Ba6 Rcb8 24. Rxb2 Rxb2 25. Qxd4 Rxa2 26. Bc4 Ra5 27. h3 Re8 28. Re1 Rc5 29. Re3 a5 30. Bh4 Rc6 31. Rg3+ Rg6 32. Rxg6+ hxg6 33. Bg5 Rc8 34. Bd5 Rd8 35. Bxd8 1-0

[Event "December 12 Late 2023"]
[Site "https://www.chess.com"]
[Date "2023.12.12"]
[Round "11"]
[White "Munoz Sanchez, Miguel"]
[Black "Melikhov, Evgeny V."]
[Result "0-1"]
[Board "62"]
[TimeControl "180+1"]
[WhiteFideId "3600734"]
[BlackFideId "4122046"]
[WhiteElo "2341"]
[BlackElo "2418"]
[WhiteTeam "ECU"]
[BlackTeam "GRE"]
[WhiteClock "0:01:31"]
[BlackClock "0:01:45"]

1. d4 Nf6 2. Nf3 d5 3. g3 Bg4 4. Bg2 Nbd7 5. O-O e6 6. c4 c6 7. Nc3 Bd6 8. h3 Bh5 9. Qb3 Qb6 10. c5 Qxb3 11. axb3 Bc7 12. b4 O-O 13. b5 e5 14. bxc6 bxc6 15. dxe5 Nxe5 16. Nxe5 Bxe5 17. Ra6 Bxc3 18. bxc3 Bxe2 19. Rxc6 Bxf1 20. Bxf1 Rac8 21. Rc7 Rxc7 0-1

[Event "December 12 Late 2023"]
[Site "https://www.chess.com"]
[Date "2023.12.12"]
[Round "11"]
[White "Akhayan, Ruben"]
[Black "Shapiro, Daniel"]
[Result "1/2-1/2"]
[Board "63"]
[TimeControl "180+1"]
[WhiteFideId "204439"]
[BlackFideId "2001780"]
[WhiteElo "2400"]
[BlackElo "2316"]
[WhiteTeam "BEL"]
[BlackTeam "USA"]
[WhiteClock "0:00:21"]
[BlackClock "0:00:27"]

1. e4 c5 2. Nf3 Nc6 3. Nc3 e6 4. d4 cxd4 5. Nxd4 a6 6. g3 Qc7 7. Bg2 Nf6 8. O-O Be7 9. Nxc6 bxc6 10. a4 a5 11. Bf4 e5 12. Bg5 h6 13. Bxf6 Bxf6 14. Qd2 O-O 15. Rad1 Be7 16. Ne2 Rd8 17. c4 Ba6 18. b3 Rab8 19. Nc1 f5 20. exf5 d5 21. Qc2 Bg5 22. Rfe1 dxc4 23. bxc4 Rb4 24. Rxd8+ Bxd8 25. Bf1 Qb6 26. c5 Qb7 27. Qa2+ Kf8 28. Rd1 Bf6 29. Qe6 Bxf1 30. Rxf1 Rxa4 31. Ne2 Re4 32. Nc3 Rd4 33. Ne2 Rd5 34. Nc3 Rd4 35. Ne2 Rd5 36. Nc3 Rd4 1/2-1/2

[Event "December 12 Late 2023"]
[Site "https://www.chess.com"]
[Date "2023.12.12"]
[Round "11"]
[White "NovakRatko"]
[Black "Ruiz Aguilar, Pablo Alexander"]
[Result "1-0"]
[Board "64"]
[TimeControl "180+1"]
[BlackFideId "4401352"]
[WhiteElo "2394"]
[BlackElo "2303"]
[BlackTeam "COL"]
[WhiteClock "0:01:12"]
[BlackClock "0:00:00"]

1. d4 d5 2. c4 c6 3. cxd5 cxd5 4. Nc3 Nc6 5. f3 Nf6 6. e4 dxe4 7. d5 Ne5 8. fxe4 a6 9. Qd4 Ng6 10. e5 Ng8 11. Bd3 e6 12. d6 Bd7 13. Nf3 Nh6 14. O-O Nf5 15. Bxf5 exf5 16. Ng5 h6 17. Nxf7 Kxf7 18. Qd5+ Ke8 19. e6 Bc6 20. Qxf5 Qf6 21. d7+ Ke7 22. Qc5+ Kxe6 23. Rxf6+ gxf6 24. Qc4+ Kxd7 25. Qd3+ Kc7 26. Qxg6 Bc5+ 27. Kf1 Rhg8 28. Qf7+ Kb6 29. g3 Raf8 30. Qe6 Re8 31. Na4+ Ka7 32. Nxc5 Rxe6 33. Nxe6 Re8 34. Nd4 Re4 35. Nxc6+ bxc6 36. Bxh6 Kb7 37. Re1 Rc4 38. Bg7 f5 39. Bc3 f4 40. g4 f3 41. h3 1-0

[Event "December 12 Late 2023"]
[Site "https://www.chess.com"]
[Date "2023.12.12"]
[Round "11"]
[White "Balla, Tamas-Kristof"]
[Black "youngdinousaur"]
[Result "1-0"]
[Board "65"]
[TimeControl "180+1"]
[WhiteFideId "1208497"]
[WhiteElo "2385"]
[BlackElo "2268"]
[WhiteTeam "ROU"]
[WhiteClock "0:00:47"]
[BlackClock "0:00:00"]

1. e4 c5 2. Nf3 e6 3. c3 Nc6 4. d4 d5 5. exd5 Qxd5 6. Be3 Nf6 7. Bd3 Be7 8. O-O O-O 9. Na3 cxd4 10. cxd4 b6 11. Nb5 Qd7 12. Rc1 Bb7 13. Qe2 a6 14. Nc3 b5 15. Bb1 Rfd8 16. Rfd1 Rac8 17. Ne5 Qe8 18. a3 Na5 19. Bg5 h6 20. Bh4 Nc4 21. Qc2 g6 22. Nxg6 fxg6 23. Qxg6+ Qxg6 24. Bxg6 Nxb2 25. Re1 Nd3 26. Bxd3 Kf7 27. Ne2 Rxc1 28. Rxc1 Rc8 29. Re1 Bd5 30. Nf4 Bxa3 31. h3 Be7 32. Bg6+ Kg7 33. Bd3 Kf7 34. Ng6 Bb4 35. Ne5+ Kg7 36. Re3 Bd6 37. Rg3+ 1-0

[Event "December 12 Late 2023"]
[Site "https://www.chess.com"]
[Date "2023.12.12"]
[Round "11"]
[White "Floresvillar Gonzalez, Luis Migu"]
[Black "ChessSG1"]
[Result "1-0"]
[Board "66"]
[TimeControl "180+1"]
[WhiteFideId "5100542"]
[WhiteElo "2233"]
[BlackElo "2451"]
[WhiteTeam "MEX"]
[WhiteClock "0:00:06"]
[BlackClock "0:00:00"]

1. e4 c5 2. d4 cxd4 3. c3 Nf6 4. e5 Nd5 5. Qxd4 e6 6. Nf3 d6 7. exd6 Nc6 8. Qh4 Qxd6 9. Nbd2 Be7 10. Qg3 O-O 11. Qxd6 Bxd6 12. Ne4 Be7 13. Bd3 h6 14. O-O b6 15. Re1 Bb7 16. Bd2 Rfd8 17. Rad1 Rac8 18. Bb1 Na5 19. h3 Nc4 20. Bc1 b5 21. a3 a5 22. Ba2 a4 23. Nd4 Ba6 24. Nd2 Ndb6 25. Nxc4 bxc4 26. Nf3 Bb7 27. Ne5 Rxd1 28. Rxd1 Bd5 29. Be3 Na8 30. Bd4 f6 31. Ng4 Nc7 32. Ne3 Rb8 33. Nxd5 exd5 34. Rd2 Bd6 35. g3 Kf7 36. Kg2 Ke6 37. f4 Nb5 38. Be3 Nc7 39. Re2 Kd7 40. Bd4 Kc6 41. Kf3 Nb5 42. Be3 Nc7 43. Bc1 Ne8 44. h4 f5 45. Be3 Nf6 46. Bb1 Ne4 47. Bxe4 dxe4+ 48. Kf2 Rb3 49. Bd4 Kd5 50. Bxg7 h5 51. Bd4 Bxa3 52. bxa3 Rxa3 53. Rd2 Kc6 54. Rb2 Ra1 55. Rb6+ Kc7 56. Rb5 Ra2+ 57. Ke3 a3 58. Rxf5 Rg2 59. Kxe4 Rxg3 60. Rxh5 a2 61. Ra5 Rg2 62. f5 Rh2 63. f6 Rxh4+ 64. Ke3 Rh2 65. Ra4 Rh8 66. Rxa2 Rf8 67. Ra7+ Kd6 68. Ke4 Ke6 69. Ra6+ Kf7 70. Kf5 Rh8 71. Ra7+ Kg8 72. Ra8+ Kf7 73. Ra7+ Kg8 74. Ke6 Rh6 75. Ra8+ Kh7 76. Rc8 Rh4 77. Rxc4 Re4+ 78. Kf5 Re1 79. Rc7+ Kh6 80. f7 Rf1+ 81. Ke6 Re1+ 82. Be5 Kh7 83. f8=Q+ Kg6 84. Rg7+ 1-0

[Event "December 12 Late 2023"]
[Site "https://www.chess.com"]
[Date "2023.12.12"]
[Round "11"]
[White "Estrada Nieto, Julian"]
[Black "Kappeler, Kaspar"]
[Result "1-0"]
[Board "67"]
[TimeControl "180+1"]
[WhiteFideId "5101018"]
[BlackFideId "1309072"]
[WhiteElo "2508"]
[BlackElo "2309"]
[WhiteTeam "ESP"]
[BlackTeam "SUI"]
[WhiteClock "0:01:02"]
[BlackClock "0:00:00"]

1. e4 c5 2. Nf3 Nc6 3. Bb5 d6 4. d4 cxd4 5. Qxd4 Bd7 6. Bxc6 Bxc6 7. Nc3 e5 8. Qd3 Nf6 9. Bg5 Be7 10. O-O-O Qb6 11. Bxf6 Bxf6 12. Rhf1 Rd8 13. Nd5 Bxd5 14. Qxd5 O-O 15. Kb1 Rd7 16. h4 Rc8 17. Qb3 Qa6 18. Qd3 b5 19. g4 Rc4 20. g5 Bd8 21. Nxe5 Rb7 22. Qxd6 Qxd6 23. Rxd6 Bc7 24. Rd7 Rc5 25. Nxf7 Kf8 26. Nd6 Rb6 27. Rd1 Bxd6 28. R1xd6 Rxd6 29. Rxd6 Ke7 30. Rd4 h6 31. f4 hxg5 32. hxg5 g6 33. c3 Rc8 34. a4 bxa4 35. Rxa4 Ke6 36. Rxa7 Rc4 37. Ra6+ Ke7 38. Rxg6 Rxe4 39. Rf6 Re1+ 40. Ka2 Re4 41. Kb3 Re1 42. c4 Re3+ 43. Kb4 Re2 44. b3 Re3 45. Ka4 1-0

[Event "December 12 Late 2023"]
[Site "https://www.chess.com"]
[Date "2023.12.12"]
[Round "11"]
[White "Khokhlova, Daria"]
[Black "Bogaudinov, Rushan"]
[Result "0-1"]
[Board "68"]
[TimeControl "180+1"]
[WhiteFideId "24182729"]
[BlackFideId "4129288"]
[WhiteElo "2307"]
[BlackElo "2457"]
[WhiteTeam "FID"]
[BlackTeam "RUS"]
[WhiteClock "0:00:00"]
[BlackClock "0:00:10"]

1. d4 h6 2. e4 a6 3. c4 e6 4. f4 b5 5. cxb5 axb5 6. Bxb5 Nf6 7. Nc3 Bb4 8. Qd3 Ba6 9. Bxa6 Nxa6 10. Nf3 O-O 11. O-O c5 12. Be3 cxd4 13. Bxd4 Nc5 14. Bxc5 Bxc5+ 15. Kh1 Ng4 16. Qe2 Qb6 17. Nd1 Rfb8 18. h3 Nf6 19. Ne5 Qb7 20. Nc3 Bd4 21. Rab1 d6 22. Nc4 Qc6 23. Qd3 Bxc3 24. bxc3 Nxe4 25. Rxb8+ Rxb8 26. Kh2 f5 27. Rd1 Rd8 28. Na5 Qc7 29. Qb5 d5 30. Rd3 Qxf4+ 31. Kg1 Rb8 32. Nb7 Qf2+ 33. Kh2 Qf4+ 34. Kg1 Qc7 35. c4 Rxb7 36. Qe8+ Kh7 37. Rd1 Qxc4 38. Qxe6 Qc3 39. Qxf5+ Kg8 40. Qe6+ Rf7 0-1

[Event "December 12 Late 2023"]
[Site "https://www.chess.com"]
[Date "2023.12.12"]
[Round "11"]
[White "Weisz, Bryan"]
[Black "Sarkar, Justin"]
[Result "1-0"]
[Board "69"]
[TimeControl "180+1"]
[WhiteFideId "30934133"]
[BlackFideId "2010011"]
[WhiteElo "2432"]
[BlackElo "2291"]
[WhiteTeam "USA"]
[BlackTeam "USA"]
[WhiteClock "0:01:19"]
[BlackClock "0:00:00"]

1. e4 e5 2. Nh3 d5 3. d3 Nf6 4. Nd2 Bxh3 5. gxh3 Nc6 6. Bg2 dxe4 7. Nxe4 Nxe4 8. Bxe4 Qd7 9. Qg4 Nd4 10. Qxd7+ Kxd7 11. Kd1 c6 12. f4 f5 13. Bg2 Bd6 14. Be3 Ne6 15. fxe5 Bxe5 16. Re1 Bxh2 17. d4 Bg3 18. Rf1 f4 19. Bg1 Rad8 20. c3 Rhf8 21. Kc2 Ng5 22. Bf2 f3 23. Bh1 Bxf2 24. Rxf2 Nxh3 25. Rxf3 Rxf3 26. Bxf3 Ng5 27. Bg4+ Kd6 28. Rf1 Re8 29. Kd3 g6 30. c4 h5 31. Rf6+ Ke7 32. Rxg6 1-0

[Event "December 12 Late 2023"]
[Site "https://www.chess.com"]
[Date "2023.12.12"]
[Round "11"]
[White "Avila Rodriguez, Joshua Ad"]
[Black "Cooper, Aaron"]
[Result "1-0"]
[Board "70"]
[TimeControl "180+1"]
[WhiteFideId "5126444"]
[BlackFideId "2634945"]
[WhiteElo "2422"]
[BlackElo "2264"]
[WhiteTeam "MEX"]
[BlackTeam "CAN"]
[WhiteClock "0:00:09"]
[BlackClock "0:00:07"]

1. e4 d5 2. exd5 Qxd5 3. Nc3 Qd6 4. d4 Nf6 5. Nf3 c6 6. Ne5 Nbd7 7. Nc4 Qc7 8. Be2 Nb6 9. Ne5 Be6 10. Bf4 Nbd5 11. Nxd5 Nxd5 12. Bg3 Qa5+ 13. c3 g6 14. O-O Bg7 15. Re1 O-O 16. Bd3 Rac8 17. h4 Bf5 18. Bxf5 gxf5 19. Qh5 e6 20. Qf3 Nf6 21. Nc4 Qd5 22. Qe2 Rfd8 23. Be5 b5 24. Ne3 Qe4 25. h5 f4 26. Ng4 Qxe2 27. Nxf6+ Bxf6 28. Rxe2 f3 29. gxf3 Bxe5 30. Rxe5 Rd5 31. Rae1 Kg7 32. Kh2 Kf6 33. f4 Rg8 34. Rg1 Rxg1 35. Kxg1 Rxe5 36. fxe5+ Kg5 37. Kg2 Kxh5 38. b3 Kg4 39. a4 a6 40. c4 h5 41. axb5 axb5 42. f3+ Kf5 43. Kg3 bxc4 44. bxc4 h4+ 45. Kxh4 Kf4 46. Kh5 Kf5 47. Kh6 f6 48. exf6 Kxf6 49. Kh7 Kf5 50. Kg7 e5 51. dxe5 Kxe5 52. Kf7 Kd4 53. Ke6 Kxc4 54. f4 c5 55. f5 Kd4 56. f6 c4 57. f7 c3 58. f8=Q c2 59. Qf4+ Kd3 60. Qc1 Kc3 61. Kd5 Kd3 62. Kc5 Kc3 63. Kd5 1-0

[Event "December 12 Late 2023"]
[Site "https://www.chess.com"]
[Date "2023.12.12"]
[Round "11"]
[White "Buchenau, Frank"]
[Black "Clarke, Matthew"]
[Result "0-1"]
[Board "71"]
[TimeControl "180+1"]
[WhiteFideId "4604350"]
[BlackFideId "3227804"]
[WhiteElo "2421"]
[BlackElo "2227"]
[WhiteTeam "GER"]
[BlackTeam "AUS"]
[WhiteClock "0:00:00"]
[BlackClock "0:00:05"]

1. e4 e5 2. Nf3 Nc6 3. Bc4 Bc5 4. c3 Nf6 5. d3 d6 6. O-O a5 7. Nbd2 O-O 8. h3 Be6 9. Bb5 Bb6 10. Re1 Ne7 11. d4 Ng6 12. Nc4 Bxc4 13. Bxc4 exd4 14. Nxd4 Nxe4 15. Bxf7+ Rxf7 16. Rxe4 Qd7 17. Qg4 Qxg4 18. hxg4 Raf8 19. Nf5 Nh4 20. Ne7+ Kh8 21. Be3 Bxe3 22. fxe3 Rf2 23. Nf5 d5 24. Re7 Nxf5 25. gxf5 Rxb2 26. Rxc7 h6 27. Rf1 b6 28. Rd7 Rxa2 29. Rxd5 Re2 30. Rf3 a4 31. Rb5 a3 32. Rxb6 a2 33. Ra6 Re1+ 34. Rf1 Re2 35. Ra1 Rxe3 36. c4 Rc3 37. R1xa2 Rxc4 38. Ra8 Rxa8 39. Rxa8+ Kh7 40. Ra5 Rf4 41. Kh2 h5 42. Kg3 Rg4+ 43. Kf3 Kh6 44. g3 Kg5 45. Re5 h4 46. gxh4+ Rxh4 47. Rd5 Rf4+ 0-1

[Event "December 12 Late 2023"]
[Site "https://www.chess.com"]
[Date "2023.12.12"]
[Round "11"]
[White "Demina, Marya"]
[Black "Zakarian, David"]
[Result "1-0"]
[Board "72"]
[TimeControl "180+1"]
[WhiteFideId "4195671"]
[BlackFideId "13301276"]
[WhiteElo "2165"]
[BlackElo "2409"]
[WhiteTeam "RUS"]
[BlackTeam "ARM"]
[WhiteClock "0:00:06"]
[BlackClock "0:00:20"]

1. d4 Nf6 2. Nf3 e6 3. Bg5 h6 4. Bh4 c5 5. e3 b6 6. Bd3 Bb7 7. Nbd2 Be7 8. c3 cxd4 9. exd4 d6 10. Qe2 Nbd7 11. O-O O-O 12. Rfe1 Nh5 13. Bg3 Nxg3 14. hxg3 Nf6 15. Rad1 Re8 16. Nf1 Qc7 17. Bb1 Bf8 18. Qd3 g6 19. Nh4 Bg7 20. Ne3 a5 21. Nf1 Qc6 22. Qe2 e5 23. d5 Qc5 24. Ne3 Nxd5 25. Nxd5 Bxd5 26. Rxd5 Qxd5 27. Be4 Qxa2 28. Rd1 Qe6 29. Bd5 Qd7 30. Nxg6 Rac8 31. Nh4 b5 32. Qh5 Rc5 33. Nf5 e4 34. Qg4 Qxf5 35. Qxf5 Re5 36. Qxf7+ Kh7 37. Qg8+ Kg6 38. Bf7+ Kf6 39. Rxd6+ Ke7 40. Rg6 Bf6 41. Qe8+ Kd6 42. Rxf6+ Kc7 43. Qf8 e3 44. Qd6+ Kb7 45. fxe3 1-0

[Event "December 12 Late 2023"]
[Site "https://www.chess.com"]
[Date "2023.12.12"]
[Round "11"]
[White "Kniazev, Igor"]
[Black "Rios Escobar, Adan"]
[Result "0-1"]
[Board "73"]
[TimeControl "180+1"]
[WhiteFideId "4136349"]
[BlackFideId "3403645"]
[WhiteElo "2146"]
[BlackElo "2369"]
[WhiteTeam "RUS"]
[BlackTeam "CHI"]
[WhiteClock "0:00:07"]
[BlackClock "0:00:33"]

1. e4 c6 2. d4 d5 3. Nc3 dxe4 4. Nxe4 Nf6 5. Ng5 Bf5 6. Bc4 e6 7. Ne2 h6 8. Nf3 Nbd7 9. Nf4 Bd6 10. Nh4 Bh7 11. Nf3 O-O 12. O-O Re8 13. Re1 b5 14. Bb3 c5 15. c3 Nb6 16. dxc5 Bxc5 17. Be3 Bxe3 18. Rxe3 Qc7 19. g3 Rad8 20. Qe2 Nc4 21. Bxc4 bxc4 22. Ne5 Nd5 23. Rf3 Nxf4 24. Rxf4 Bd3 25. Qf3 Qxe5 26. Rxf7 Be4 27. Qf4 Qxf4 28. Rxf4 Bd5 29. Re1 g5 30. Rd4 Kf7 31. Rd2 g4 32. h3 h5 33. hxg4 hxg4 34. Rd4 Bf3 35. Rxc4 Rh8 36. Rf4+ Ke7 37. Rxf3 gxf3 38. c4 Rd2 39. Rb1 Rhd8 40. c5 Rd1+ 41. Rxd1 Rxd1+ 42. Kh2 Kd7 43. g4 Kc6 44. Kg3 Kxc5 45. g5 Kd6 46. Kxf3 Ke5 47. Ke3 Kf5 48. f4 Rb1 49. b3 Rb2 50. g6 Kxg6 51. Kd4 Kf5 52. a4 Rxb3 53. Kc4 Rb1 0-1

[Event "December 12 Late 2023"]
[Site "https://www.chess.com"]
[Date "2023.12.12"]
[Round "11"]
[White "Vargas, Mauricio"]
[Black "Bonin, Jay"]
[Result "0-1"]
[Board "74"]
[TimeControl "180+1"]
[WhiteFideId "4404572"]
[BlackFideId "2000644"]
[WhiteElo "1859"]
[BlackElo "2316"]
[WhiteTeam "COL"]
[BlackTeam "USA"]
[WhiteClock "0:01:17"]
[BlackClock "0:02:25"]

1. e4 c5 2. Nc3 Nc6 3. f4 a6 4. Nf3 e6 5. a4 d5 6. d3 d4 7. Ne2 f5 8. Ng3 Nf6 9. e5 Nd5 10. Ng5 Be7 11. Qh5+ g6 12. Qh6 Bxg5 13. fxg5 Nxe5 14. Be2 Nf7 15. Bf1 Nxh6 16. gxh6 Qh4 0-1

[Event "December 12 Late 2023"]
[Site "https://www.chess.com"]
[Date "2023.12.12"]
[Round "11"]
[White "Omariev, Maksim"]
[Black "Ghosh, Chanchal Kumer"]
[Result "1-0"]
[Board "75"]
[TimeControl "180+1"]
[WhiteFideId "4193423"]
[BlackFideId "10201858"]
[WhiteElo "2449"]
[BlackElo "2117"]
[WhiteTeam "RUS"]
[BlackTeam "BAN"]
[WhiteClock "0:00:47"]
[BlackClock "0:00:00"]

1. g4 d5 2. Bg2 Bxg4 3. c4 e6 4. cxd5 exd5 5. Qb3 Be6 6. Qxb7 Nd7 7. Bxd5 Rb8 8. Qc6 Rb6 9. Qc4 Ngf6 10. Bxe6 Rxe6 11. Nc3 Ne5 12. Qa4+ c6 13. d4 Nd3+ 14. Kf1 Nxc1 15. Rxc1 Ng4 16. Nf3 Qf6 17. d5 Nxf2 18. dxe6 Qxe6 19. Kxf2 Bc5+ 20. Kf1 O-O 21. Qe4 Qh6 22. Rd1 1-0

[Event "December 12 Late 2023"]
[Site "https://www.chess.com"]
[Date "2023.12.12"]
[Round "11"]
[White "Zampronha, Wladimir Camilo"]
[Black "Wang, Alexander J"]
[Result "0-1"]
[Board "76"]
[TimeControl "180+1"]
[WhiteFideId "2103087"]
[BlackFideId "30955270"]
[WhiteElo "2341"]
[BlackElo "2223"]
[WhiteTeam "BRA"]
[BlackTeam "USA"]
[WhiteClock "0:02:31"]
[BlackClock "0:01:48"]

1. e4 c5 2. Nf3 d6 3. d4 cxd4 4. Nxd4 Nf6 5. Nc3 g6 6. Be3 Bg7 7. f3 O-O 8. Qd2 Nc6 9. Bc4 Bd7 10. O-O-O Ne5 11. Bb3 Rc8 12. h4 h5 13. Bg5 Rc5 14. g4 hxg4 15. h5 Nxh5 16. Nd5 Rxd5 17. exd5 gxf3 18. Rxh5 gxh5 19. Rh1 Bg4 20. Qf4 Ng6 21. Qg3 Bxd4 22. Rxh5 Bxh5 0-1